 Dungeon Sprint DCSS version 0.21.1-1-g345015f (webtiles) character file.

290 KillYourself the Fighter (level 6, -2/68 HPs)
             Began as a Minotaur Abyssal Knight on June 15, 2018.
             Was a Believer of Lugonu.
             Shot with an arrow by a centaur warrior (13 damage)
             ... in the Dungeon (Sprint I: "Red Sonja").
             The game lasted 00:06:21 (477 turns).

KillYourself the Fighter (Minotaur Abyssal Knight)   Turns: 477, Time: 00:06:22

Health: -2/68      AC:  4    Str: 18    XL:     6   Next: 9%
Magic:  7/8        EV: 11    Int:  9    God:    Lugonu [**....]
Gold:   108        SH:  0    Dex: 10    Spells: 5/5 levels left

rFire    + . .     SeeInvis .   a - +1 hand axe
rCold    . . .     Gourm    .   (no shield)
rNeg     . . .     Faith    .   k - +1 leather armour {rF+}
rPois    .         Spirit   .   (helmet restricted)
rElec    .         Reflect  .   (no cloak)
rCorr    .         Harm     .   (no gloves)
MR       .....     NoTele   +   (no boots)
Stlth    +.........             (no amulet)
HPRegen  0.21/turn              (no ring)
MPRegen  0.11/turn              (no ring)

@: very slow
A: retaliatory headbutt, horns 2
a: Bend Space, Renounce Religion


You were in the Dungeon.
You worshipped Lugonu.
Lugonu was pleased with you.
You were not hungry.

You visited 1 branch You collected 108 gold pieces.

Inventory:

Hand Weapons
 a - a +1 hand axe (weapon)
Armour
 b - a +0 leather armour
 k - a +1 leather armour of fire resistance (worn)
Wands
 j - a wand of flame (18)
 m - a wand of random effects (28)
Scrolls
 i - a scroll of blinking
 o - a scroll of enchant armour {unknown}
Potions
 d - a potion of curing
 e - a potion of heal wounds
 f - a potion of haste
 g - 2 potions of magic
 h - a potion of berserk rage
Books
 n - a book of Necromancy

   Spells                             Type                      Level
   a - Pain                           Necromancy                   1
   b - Animate Skeleton               Necromancy                   1
   c - Vampiric Draining              Necromancy                   3
   d - Regeneration                   Charms/Necromancy            3
   e - Animate Dead                   Necromancy                   4
   f - Borgnjor's Vile Clutch         Necromancy/Earth             5
Comestibles
 c - a ration
 l - 2 chunks of flesh


   Skills:
 + Level 11.5 Fighting
 + Level 7.0 Axes
 + Level 6.3 Armour
 + Level 1.7 Dodging
 + Level 4.6 Invocations


You had 5 spell levels left.
You didn't know any spells.

Dungeon Overview and Level Annotations

Branches:
Dungeon (1/1)

Altars:
Sif Muna
Vehumet
Wu Jian


Innate Abilities, Weirdness & Mutations

You reflexively headbutt those who attack you in melee.
You have a pair of horns on your head.


Message History

The centaur warrior hits you! The centaur warrior hits you.
The centaur warrior closely misses you.
You hit the centaur warrior.
The centaur warrior is lightly wounded.
You barely miss the centaur warrior. The centaur warrior hits you!
The centaur warrior hits you.
You barely miss the centaur warrior.
The centaur warrior is lightly wounded.
You hit the centaur warrior but do no damage.
The centaur warrior hits you!
The centaur warrior hits you but does no damage. x2
The centaur warrior misses you. You furiously retaliate!
You headbutt the centaur warrior, but do no damage.
You hit the centaur warrior.
The centaur warrior is lightly wounded.
You closely miss the centaur warrior. The centaur warrior hits you! x2
* * * LOW HITPOINT WARNING * * *
The centaur warrior wields a shortbow.
The centaur warrior shoots an arrow.
The arrow hits you!
You die...

###############
<.#..)..#.)'..#
..').#..'..#..+
..#####+#####'#
### ..#
#.####§(# ..#
##)#§§§§§# ..#
#+#_.§§@§c§+
⌠⌠#
+..._#§§§c.#
###
#_.#'##+####
##+#.# ###


You could see 2 centaur warriors.

Vanquished Creatures
  Sigmund (D)
  An ogre (D)
  A jelly (D)
  Ijyb (D)
4 creatures vanquished.

Vanquished Creatures (others)
  A gargoyle (D)
1 creature vanquished.

Grand Total: 5 creatures vanquished

Notes
Turn   | Place    | Note
-------+----------+-------------------------------------------
     0 | D        | KillYourself the Minotaur Abyssal Knight began the quest for the Orb.
     0 | D        | Reached XP level 1. HP: 19/19 MP: 1/1
    11 | D        | Noticed Ijyb
    18 | D        | Killed Ijyb
    18 | D        | Reached skill level 6 in Fighting
    18 | D        | Reached XP level 2. HP: 1/30 MP: 2/2
   317 | D        | Noticed an ogre
   321 | D        | Killed an ogre
   321 | D        | Reached ** piety under Lugonu
   321 | D        | Reached skill level 8 in Fighting
   321 | D        | Reached skill level 5 in Axes
   321 | D        | Reached XP level 3. HP: 41/41 MP: 2/4
   321 | D        | Reached XP level 4. HP: 49/49 MP: 2/5
   330 | D        | Noticed Sigmund
   338 | D        | Killed Sigmund
   338 | D        | Reached skill level 11 in Fighting
   338 | D        | Reached XP level 5. HP: 41/61 MP: 2/7
   380 | D        | Killed a gargoyle
   442 | D        | Found a deep blue altar of Sif Muna.
   443 | D        | Found an ornate altar of the Wu Jian Council.
   444 | D        | Found a radiant altar of Vehumet.
   448 | D        | Reached XP level 6. HP: 60/68 MP: 8/8
   471 | D        | Noticed a centaur warrior
   472 | D        | Noticed a centaur warrior
   477 | D        | Shot with an arrow by a centaur warrior

Skill      XL: |  1  2  3  4  5 |
---------------+----------------+-----
Fighting       | 6 8 11 | 11.5
Axes           | 3 5 6 7 |  7.0
Armour         | 3 4 6 |  6.3
Invocations    | 2 3 4 |  4.6
Dodging        | |  1.7

Action                   |  1- 3 |  4- 6 || total
-------------------------+-------+-------++-------
Melee: Hand axe          |     9 |    14 ||    23
       Headbutt          |     1 |     3 ||     4
Invok: Bend Space        |       |     2 ||     2
Armor: Leather armour    |       |     2 ||     2
Dodge: Dodged            |     3 |     7 ||    10
